 Dungeon Crawl Stone Soup version 0.10.0-32-gfa280cc character file.

1530 Kaldrys the Covert (level 8, 0/55 HPs)
             Began as a Vampire Stalker on May 3, 2012.
             Was an Initiate of Ashenzari.
             Succumbed to a kobold's poison
             ... on Level 6 of the Dungeon.
             The game lasted 00:34:21 (5075 turns).

Kaldrys the Covert (Vampire Stalker)                Turns: 5075, Time: 00:34:21

HP   0/55        AC  5     Str 10      XL: 8   Next: 26%
MP  15/15        EV 14     Int 14      God: Ashenzari [......]
Gold 203         SH  0     Dex 16      Spells:  3 memorised,  7 levels left

Res.Fire  : . . .   See Invis. : +   h - +2 dagger (vamp) (curse)
Res.Cold  : . . .   Warding    : . . D - +2 orc robe
Life Prot.: + . .   Conserve   : .   (no shield)
Res.Acid. : . . .   Res.Corr.  : .   k - +1 wizard hat
Res.Poison: .       Clarity    : .   c - +0 cloak
Res.Elec. : .       Spirit.Shd : .   (no gloves)
Sust.Abil.: . .     Stasis     : .   q - +0 pair of boots (curse)
Res.Mut.  : .       Ctrl.Telep.: .   (no amulet)
Res.Rott. : .       Levitation : .   v - ring of levitation
Saprovore : . . .   Ctrl.Flight: .   y - cursed -2 ring of protection

@: very poisoned, very slightly contaminated, hasted, very quick, somewhat
resistant to hostile enchantments, very stealthy
A: bottle blood, fangs 3, see invisible, unbreathing
a: Bat Form, Bottle Blood, Renounce Religion, Evoke Levitation


You were on level 6 of the Dungeon.
You worshipped Ashenzari.
Ashenzari was noncommittal.
You were not thirsty.

You visited 1 branch of the dungeon, and saw 6 of its levels.

You collected 183 gold pieces.

Inventory:

Hand weapons
 a - a +2,+2 dagger {=f}
 h - a cursed +2,+2 vampiric dagger (weapon)
 u - a +1,+0 sabre
 x - a +2 blowgun
Missiles
 j - 25 poisoned +0 needles
 p - 22 +1 sling bullets
 z - 26 +0 sling bullets
Armour
 c - a +0 cloak (worn)
 k - a +1 wizard hat (worn)
 n - a +0 elven leather armour
 q - a cursed +0 pair of boots (worn)
 D - a +2 orcish robe (worn)
Magical devices
 A - a wand of magic darts (10)
 C - a wand of polymorph other (7) {unknown}
Scrolls
 b - a scroll of fear
 g - 5 scrolls of identify
 r - a scroll of fog
 s - a scroll of blinking
Jewellery
 t - an uncursed ring of poison resistance
 v - a ring of levitation (right hand)
 y - a cursed -2 ring of protection (left hand)
Potions
 e - 2 potions of confusion
 f - 2 potions of degeneration
 i - 4 potions of poison
 l - a potion of cure mutation
Books
 d - a book of Stalking

   Spells                             Type                      Level
   *Fulsome Distillation              Transmutation/Necromancy     1
   *Evaporate                         Fire/Transmutation           2
   *Passwall                          Transmutation/Earth          3
   Petrify                            Transmutation/Earth          4
   Dig                                Transmutation/Earth          4
 o - a book of the Tempests

   Spells                             Type                      Level
   Static Discharge                   Conjuration/Air              3
   Lightning Bolt                     Conjuration/Air              5
   Fireball                           Conjuration/Fire             5
   Tornado                            Air                          9
   Shatter                            Earth                        9


   Skills:
 + Level 1,1 Fighting
 - Level 1,1 Short Blades
 + Level 4,1 Dodging
 * Level 8,2 Stealth
 * Level 7,9 Stabbing
 - Level 1,0 Unarmed Combat
 + Level 3,3 Spellcasting
 + Level 4,1 Transmutations


You had 7 spell levels left.
You knew the following spells:

 Your Spells              Type           Power        Failure   Level  Hunger
a - Fulsome Distillation  Trmt/Necr      N/A          12%         1    Sultana
b - Evaporate             Fire/Trmt      ##.....      17%         2    Choko
c - Passwall              Erth/Trmt      ##........   30%         3    Choko

Dungeon Overview and Level Annotations

Branches:
Dungeon (6/27)
 Temple: D:4-7          Orc: D:6-11

Altars:
Ashenzari
Makhleb
Nemelex Xobeh
Okawaru
The Shining One
Trog
Vehumet
Yredelemnul

Annotations
D:4 GrooTW's ghost, average MiFi
D:5 Grinder


Innate Abilities, Weirdness & Mutations

You can bottle blood from corpses.
You have razor-sharp teeth.*
You have supernaturally acute eyesight.
You can survive without breathing.*


Message History

You hear a distant slurping noise.
The door mysteriously vanishes.
* * * LOW HITPOINT WARNING * * *
You feel sick.
You aren't carrying any corpses which you can drain.
Drink which item? (? for menu, Esc to quit)
You feel yourself speed up.
* * * LOW HITPOINT WARNING * * *
You feel sick.
You feel a little better. The jelly closely misses you.
You are very lightly contaminated with residual magic.
* * * LOW HITPOINT WARNING * * *
You feel very sick.
You open the door.
* * * LOW HITPOINT WARNING * * *
You feel sick.
The kobold shoots a poisoned needle.
The poisoned needle misses you.
Found 18 gold pieces.
You die...

##......###### #.......#
............K###.......#
##......####...J.....$.#
#......# #####.......#
#......# ##K######
####.### #..# #?# #J##
..# #(# #### #@#
#.........# #.........#
+..$......# #.........#
#......... #........
#....... ...


You could see a jelly and a kobold.

Vanquished Creatures
  Pikel (D:4)
  Purgy (D:3)
  A slave (D:4)
  2 ogres (D:4)
  A centaur (D:5)
  Sigmund (D:4)
  Blork the orc (D:4)
  A crimson imp (D:6)
  2 orc wizards (D:5)
  A scorpion (D:6)
  4 worker ants
  Jessica (D:3)
  3 gnolls (D:2)
  3 adders
  An iguana skeleton (D:4)
  2 worms
  A giant mite (D:2)
  2 giant geckos
  2 oozes
  5 orcs
  A ball python (D:2)
  18 bats
  8 giant cockroaches
  8 goblins
  8 hobgoblins
  6 jackals (D:3)
  8 kobolds
  4 giant newts
  11 rats
  A toadstool (D:2)
109 creatures vanquished.

Vanquished Creatures (others)
  4 toadstools
4 creatures vanquished.

Grand Total: 113 creatures vanquished

Notes
Turn   | Place    | Note
--------------------------------------------------------------
     0 | D:1      | Kaldrys, the Vampire Stalker, began the quest for the Orb.
     0 | D:1      | Reached XP level 1. HP: 15/15 MP: 2/2
   386 | D:1      | Reached XP level 2. HP: 19/21 MP: 3/3
   594 | D:1      | Reached skill level 4 in Stabbing
   603 | D:1      | Learned a level 2 spell: Evaporate
  1122 | D:2      | Reached skill level 5 in Stabbing
  1122 | D:2      | Reached XP level 3. HP: 26/26 MP: 1/4
  1552 | D:2      | Reached XP level 4. HP: 22/32 MP: 1/6
  1955 | D:2      | Found a burning altar of Makhleb.
  2183 | D:3      | Found a basalt altar of Yredelemnul.
  2508 | D:3      | Noticed Purgy
  2522 | D:3      | Killed Purgy
  2522 | D:3      | Reached skill level 5 in Stealth
  2522 | D:3      | Reached skill level 6 in Stabbing
  2522 | D:3      | Reached XP level 5. HP: 37/37 MP: 5/8
  2687 | D:3      | Found a glowing golden altar of the Shining One.
  2689 | D:3      | Found a sparkling altar of Nemelex Xobeh.
  2702 | D:3      | Noticed Jessica
  2707 | D:3      | Killed Jessica
  2841 | D:3      | Found a bloodstained altar of Trog.
  2936 | D:4      | Found a shattered altar of Ashenzari.
  2951 | D:4      | Noticed GrooTW's ghost (average MiFi)
  2956 | D:4      | Reached XP level 6. HP: 13/43 MP: 6/10
  3393 | D:4      | Noticed Sigmund
  3404 | D:4      | Killed Sigmund
  3648 | D:4      | Found a radiant altar of Vehumet.
  3720 | D:4      | Became a worshipper of Ashenzari the Shackled
  3749 | D:4      | Noticed Blork the orc
  3765 | D:4      | Killed Blork the orc
  3919 | D:4      | Found an iron altar of Okawaru.
  4167 | D:4      | Noticed Pikel
  4179 | D:4      | Killed Pikel
  4179 | D:4      | Reached skill level 7 in Stealth
  4179 | D:4      | Reached XP level 7. HP: 48/48 MP: 10/13
  4185 | D:4      | Learned a level 3 spell: Passwall
  4480 | D:5      | Entered Level 5 of the Dungeon
  4508 | D:5      | Noticed Grinder
  4581 | D:4      | Reached XP level 8. HP: 49/54 MP: 12/15
  4666 | D:5      | Reached skill level 8 in Stealth
  4678 | D:5      | Reached skill level 1 in Unarmed Combat
  4818 | D:5      | Reached skill level 1 in Fighting
  5073 | D:6      | HP: 2/55 [poisoned by a kobold]
  5075 | D:6      | Succumbed to a kobold's poison
